 Dungeon Crawl Stone Soup version 0.31-a0-848-gaac375c287 (webtiles) character file.

Game seed: 15457888458452861198

79 subawu the Sneak (level 4, -1/29 HPs)
             Began as a Vampire Brigand on Oct 4, 2023.
             Slain by Jessica
             ... wielding a +0 club
              (5 damage)
             ... on level 3 of the Dungeon.
             The game lasted 00:05:27 (1537 turns).

subawu the Sneak (Vampire Brigand)                  Turns: 1537, Time: 00:05:28

Health: -1/29      AC:  3    Str: 12    XL:     4   Next: 16%
Magic:  4/4        EV: 11    Int: 13    God:
Gold:   51         SH:  6    Dex: 15    Spells: 3/3 levels left

rFire   . . .        j - +1 dagger (freeze)
rCold   . . .        o - +2 buckler
rNeg    . . .        b - +0 robe
rPois   .            (no helmet)
rElec   .            c - +0 cloak
rCorr   .            (no gloves)
SInv    +            (no boots)
Will    .....        (no amulet)
Stlth   ++++         (no ring)
HPRegen 0.44/turn    (no ring)
MPRegen 0.09/turn

%: no passive effects
@: healing quickly, slowed, very slow
A: alive, fangs 3, see invisible, vampiric 2, [frail 1]
a: Exsanguinate


You were on level 3 of the Dungeon.
You visited 1 branch of the dungeon, and saw 3 of its levels.

You collected 51 gold pieces.

Inventory:

Hand Weapons
 a - a +2 dagger
 j - a +1 dagger of freezing (weapon)
Missiles
 d - 20 poisoned darts (quivered)
 e - 3 curare-tipped darts
Armour
 b - a +0 robe (worn)
 c - a +0 cloak (worn)
 o - a +2 buckler (worn)
Jewellery
 p - a ring of wizardry
 q - a ring of willpower
Scrolls
 f - 2 scrolls of fear {unknown}
 g - 3 scrolls of poison {unknown}
 k - 6 scrolls of identify {unknown}
 m - 3 scrolls of immolation {unknown}
 n - a scroll of revelation {unknown}
 r - a scroll of blinking {unknown}
Potions
 h - 2 potions of heal wounds {unknown}
 i - 3 potions of ambrosia {unknown}
 l - 2 potions of invisibility {unknown}


   Skills:
 + Level 2.2 Fighting
 + Level 2.9 Short Blades
 + Level 1.6 Throwing
 + Level 1.9 Dodging
 + Level 7.3 Stealth


You had 3 spell levels left.
You didn't know any spells.
Your spell library contained the following spells:

 Spells                   Type           Power      Damage    Failure   Level
 Foxfire                  Conj/Fire      0%         2x1d4     41%         1
 Plasma Beam              Fire/Air       0%         2x1d10    100%        6
 Starburst                Conj/Fire      0%         6d3       100%        6


Dungeon Overview and Level Annotations

Branches:
Dungeon (3/15)

Altars:
Hepliaklqana

Annotations:
D:3 Jessica


Innate Abilities, Weirdness & Mutations

Your natural rate of healing is accelerated.
You have razor-sharp teeth.
You have supernaturally acute eyesight. (SInv)
You are afflicted with vampirism and can become a bat while bloodless.
[You are frail. (-10% HP)]


Message History

Jessica casts a spell at you.
You feel as though you will be slow longer.
You hit Jessica. You freeze Jessica.
Jessica is moderately wounded.
Jessica hits you with a +0 club!
You hit Jessica. You freeze Jessica.
Jessica is heavily wounded.
Jessica hits you with a +0 club.
You hit Jessica but do no damage.
Jessica is heavily wounded.
Jessica casts a spell.
Jessica blinks!
Jessica points at you and mumbles some strange words.
You barely resist. You barely miss Jessica. Your bite misses Jessica.
Jessica is moderately wounded.
Jessica says, "I'm really upset."
Jessica casts a spell at you. Pain shoots through your body!
* * * LOW HITPOINT WARNING * * *
Jessica hits you with a +0 club.
* * * LOW HITPOINT WARNING * * *
Jessica barely misses you.
You begin bloodletting.
You continue bloodletting.
Jessica hits you with a +0 club.
* * * LOW HITPOINT WARNING * * *
You block Jessica's attack.
You continue bloodletting.
Jessica barely misses you.
You continue bloodletting.
Jessica hits you with a +0 club.
* * * LOW HITPOINT WARNING * * *
Jessica misses you.
You continue bloodletting.
You block Jessica's attack.
You continue bloodletting.
Jessica hits you with a +0 club.
* * * LOW HITPOINT WARNING * * *
Jessica hits you with a +0 club.
You die...

###...##.# #...##.# ###
####...#
####.######.#### #
..............#
#.##.....####.##.#
.........# #.##.#
#.@...# #.##.# #@..#
#.##.# ##.## #.##.# #.#
#.##.# #.# #. #.#
####.##.######.##.##
.~.................#
.~~..###.#####.##..####
≈~.. #.# #......... ≈~.
#.# ####..###.


You could see Jessica.

Vanquished Creatures
  Natasha (D:3)
  An adder (D:2)
  A worm (D:2)
  2 dart slugs (D:1)
  2 endoplasms
  3 giant cockroaches
  5 goblins
  4 hobgoblins
  4 quokkas (D:2)
  3 ball pythons
  A frilled lizard (D:1)
  5 kobolds
  3 rats
35 creatures vanquished.

Notes
Turn   | Place    | Note
-------+----------+-------------------------------------------
     0 | D:1      | subawu the Vampire Brigand began the quest for the Orb.
     0 | D:1      | Reached XP level 1. HP: 16/16 MP: 1/1
    24 | D:1      | Reached skill level 6 in Stealth
   161 | D:1      | Reached XP level 2. HP: 22/22 MP: 2/2
  1039 | D:2      | Gained mutation: You are afflicted with vampirism and can
                  | become a bat while bloodless. [Vampire growth]
  1039 | D:2      | Reached XP level 3. HP: 24/24 MP: 3/3
  1192 | D:2      | Reached skill level 7 in Stealth
  1316 | D:2      | Found a hazy altar of Hepliaklqana.
  1463 | D:3      | Noticed Natasha
  1479 | D:3      | Killed Natasha
  1480 | D:3      | Reached XP level 4. HP: 25/29 MP: 4/4
  1518 | D:3      | Noticed Jessica
  1537 | D:3      | Slain by Jessica

Illustrated notes

Levels and vault maps discovered:
D:1:      onia_arrival_pyramid, layout_loops_cross, minmay_octomino_c4
D:2:      layout_basic, basic_altar, serial_bayou_pond_e
D:3:      layout_loops_ring, chequers_ecumenical_altar_island,
          kennysheep_generic_room_10, uniq_natasha, uniq_jessica

Skill      XL: |  1  2  3 |
---------------+----------+-----
Stealth        | 6 7 |  7.3
Fighting       | 2 |  2.2
Short Blades   | |  2.9
Throwing       | |  1.6
Dodging        | |  1.9

Action                     |  1- 3 |  4- 6 || total
---------------------------+-------+-------++-------
  Melee: Dagger            |   108 |     4 ||   112
         Bite              |    16 |       ||    16
Ability: Exsanguinate      |     1 |     1 ||     2
         Revivify          |     1 |       ||     1
   Stab: Sleeping          |     8 |       ||     8
 Armour: Robe              |    45 |     7 ||    52
  Dodge: Dodged            |    47 |     3 ||    50
  Block: Buckler           |     7 |     4 ||    11

Table legend: (Time is in decaauts)
 A = Elapsed time spent in this place.
 B = Non-inter-level travel time spent in this place.
 C = Inter-level travel time spent in this place.
 D = Time resting spent in this place.
 E = Time spent auto-exploring this place.
 F = Levels seen in this place.
 G = Mean time per level.
                   A        B        C        D        E       F      G
               +--------+--------+--------+--------+--------+-----+--------+
         Total |   1563 |   1559 |      4 |    131 |    850 |   3 |  521.0 |
       Dungeon |   1563 |   1559 |      4 |    131 |    850 |   3 |  521.0 |
               +--------+--------+--------+--------+--------+-----+--------+

Top non-repeatable levels by time:
     D:1: 757 daAuts
     D:2: 657 daAuts
     D:3: 148 daAuts
